[Event "GambitGuide"]
[Site "Internet Chess Club"]
[Date "2014.10.31"]
[Round "1"]
[White "JSBach"]
[Black "sibirica"]
[Result "0-1"]
[ICCResult "White checkmated"]
[WhiteElo "1732"]
[BlackElo "2349"]
[Opening "Vienna: `Frankenstein-Dracula' variation"]
[ECO "C27"]
[NIC "VG.02"]
[Time "19:26:52"]
[TimeControl "120+12"]

1. e4 e5 2. Nc3 Nf6 3. Bc4 Nxe4 4. Qh5 Nd6 5. Bb3 Nc6 6. Nb5 g6 7. Qf3 f5 8.
Qd5 Qe7 9. Nxc7+ Kd8 10. Nxa8 b6 11. d3 Bb7 12. Nxb6 axb6 13. Qf3 Nd4 14.
Qg3 f4 15. Qg4 Qf6 16. Ba4 b5 17. Bb3 h5 18. Qh3 g5 19. Bd2 g4 20. Ba5+ Ke7
21. c3 Nxb3 22. axb3 gxh3 23. Ne2 hxg2 24. Rg1 f3 25. Ng3 h4 26. Ne4 Nxe4
27. dxe4 Bxe4 28. c4 Kf7 29. cxb5 Bc5 30. Rc1 Qd6 31. Rc4 Qd3 32. Rxe4 Qxe4+
33. Kd2 Qe2+ 34. Kc1 Rc8 35. Bc3 Bd4 36. b6 Rxc3+ 37. bxc3 Bxc3 38. h3 Qd2+
39. Kb1 Qb2# {White checkmated} 0-1

[Event "GambitGuide"]
[Site "Internet Chess Club"]
[Date "2014.10.31"]
[Round "1"]
[White "JSBach"]
[Black "JeffH"]
[Result "1-0"]
[ICCResult "Black resigns"]
[WhiteElo "1732"]
[BlackElo "1183"]
[Opening "Vienna: `Frankenstein-Dracula' variation"]
[ECO "C27"]
[NIC "VG.02"]
[Time "19:26:37"]
[TimeControl "120+12"]

1. e4 e5 2. Nc3 Nf6 3. Bc4 Nxe4 4. Qh5 Nd6 5. Bb3 Nc6 6. Nb5 g6 7. Qf3 f5 8.
Qd5 Qe7 9. Nxc7+ Kd8 10. Nxa8 b6 11. d3 Bb7 12. Nxb6 f4 13. Nc4 Nxc4 14.
dxc4 {Black resigns} 1-0

[Event "GambitGuide"]
[Site "Internet Chess Club"]
[Date "2014.10.31"]
[Round "1"]
[White "JSBach"]
[Black "Spirals"]
[Result "1-0"]
[ICCResult "Black resigns"]
[WhiteElo "1732"]
[BlackElo "2176"]
[Opening "Vienna: `Frankenstein-Dracula' variation"]
[ECO "C27"]
[NIC "VG.02"]
[Time "19:26:20"]
[TimeControl "120+12"]

1. e4 e5 2. Nc3 Nf6 3. Bc4 Nxe4 4. Qh5 Nd6 5. Bb3 Nc6 6. Nb5 g6 7. Qf3 f5 8.
Qd5 Qe7 9. Nxc7+ Kd8 10. Nxa8 b6 11. d3 Bb7 12. Nxb6 axb6 13. Qf3 Nd4 14.
Qg3 f4 15. Qg4 e4 16. Kf1 g5 17. h4 exd3 18. cxd3 h5 19. Qxg5 Qxg5 20. hxg5
f3 21. gxf3 Bd5 22. Bxd5 Nc2 23. Rb1 {Black resigns} 1-0

[Event "GambitGuide"]
[Site "Internet Chess Club"]
[Date "2014.10.31"]
[Round "1"]
[White "JSBach"]
[Black "sibirica"]
[Result "0-1"]
[ICCResult "White checkmated"]
[WhiteElo "1731"]
[BlackElo "2349"]
[Opening "Vienna: `Frankenstein-Dracula' variation"]
[ECO "C27"]
[NIC "VG.02"]
[Time "19:27:16"]
[TimeControl "120+12"]

1. e4 e5 2. Nc3 Nf6 3. Bc4 Nxe4 4. Qh5 Nd6 5. Bb3 Nc6 6. Nb5 g6 7. Qf3 f5 8.
Qd5 Qe7 9. Nxc7+ Kd8 10. Nxa8 b6 11. d3 Bb7 12. Nxb6 axb6 13. Qf3 Nd4 14.
Qg3 f4 15. Qg4 Qf6 16. Ba4 b5 17. Bb3 h5 18. Qh3 g5 19. Bd2 g4 20. Ba5+ Ke7
21. c3 Nxb3 22. axb3 gxh3 23. Ne2 hxg2 24. Rg1 f3 25. Ng3 h4 26. Ne4 Nxe4
27. dxe4 Bxe4 28. c4 Kf7 29. cxb5 Bc5 30. Rc1 Qd6 31. Rc4 Qd3 32. Rxe4 Qxe4+
33. Kd2 Qe2+ 34. Kc3 Rc8 35. Bc7 Rxc7 36. b6 Bxb6+ 37. Kb4 Qc2 38. Rc1 Qxc1
39. h3 Qc5+ 40. Ka4 Ra7# {White checkmated} 0-1

[Event "GambitGuide"]
[Site "Internet Chess Club"]
[Date "2014.10.31"]
[Round "1"]
[White "JSBach"]
[Black "Stroggs"]
[Result "1-0"]
[ICCResult "Black resigns"]
[WhiteElo "1715"]
[BlackElo "1525"]
[Opening "Vienna: `Frankenstein-Dracula' variation"]
[ECO "C27"]
[NIC "VG.02"]
[Time "19:26:26"]
[TimeControl "120+12"]

1. e4 e5 2. Nc3 Nf6 3. Bc4 Nxe4 4. Qh5 Nd6 5. Bb3 Nc6 6. Nb5 g6 7. Qf3 f5 8.
Qd5 Qe7 9. Nxc7+ Kd8 10. Nxa8 b6 11. d3 Bb7 12. Nxb6 axb6 13. Qf3 Bg7 14.
Be3 Kc7 15. Bd5 Nd4 16. Bxd4 exd4+ 17. Ne2 Re8 18. Bxb7 Nxb7 19. Kf1 Nc5 20.
Re1 Qf7 21. a3 Na4 22. Nxd4 Rxe1+ 23. Kxe1 Bxd4 24. Qf4+ d6 25. Qxd4 Qe6+
26. Kd2 Nc5 27. Qg7+ Kc6 28. Qxh7 {Black resigns} 1-0

[Event "GambitGuide"]
[Site "Internet Chess Club"]
[Date "2014.10.31"]
[Round "1"]
[White "JSBach"]
[Black "sibirica"]
[Result "0-1"]
[ICCResult "White checkmated"]
[WhiteElo "1715"]
[BlackElo "2349"]
[Opening "Vienna: `Frankenstein-Dracula' variation"]
[ECO "C27"]
[NIC "VG.02"]
[Time "19:27:40"]
[TimeControl "120+12"]

1. e4 e5 2. Nc3 Nf6 3. Bc4 Nxe4 4. Qh5 Nd6 5. Bb3 Nc6 6. Nb5 g6 7. Qf3 f5 8.
Qd5 Qe7 9. Nxc7+ Kd8 10. Nxa8 b6 11. d3 Bb7 12. Nxb6 axb6 13. Qf3 Nd4 14.
Qg3 f4 15. Qg4 Qf6 16. Ba4 b5 17. Bb3 h5 18. Qh3 g5 19. Bd2 g4 20. Ba5+ Ke7
21. c3 Nxb3 22. axb3 gxh3 23. Ne2 hxg2 24. Rg1 f3 25. Ng3 h4 26. Ne4 Nxe4
27. dxe4 Bxe4 28. c4 Kf7 29. cxb5 Bc5 30. Rc1 Qd6 31. Rc4 Qd3 32. Rxe4 Qxe4+
33. Kd2 Qe2+ 34. Kc3 Rc8 35. Bc7 Rxc7 36. b6 Bd4+ 37. Kb4 Qd2+ 38. Kb5 Bxb6
39. b4 Qd4 40. Re1 Qxf2 41. Re4 g1=Q 42. Rxe5 Qgf1+ 43. Re2 Q2xe2+ 44. Kxb6
f2 45. b5 Qfe1 46. Kxc7 f1=Q 47. Kxd7 Qxb5+ 48. Kc7 Qxb2 49. Kd6 Qed2+ 50.
Kc6 Qfc1# {White checkmated} 0-1

[Event "GambitGuide"]
[Site "Internet Chess Club"]
[Date "2014.10.31"]
[Round "1"]
[White "JSBach"]
[Black "sibirica"]
[Result "0-1"]
[ICCResult "White checkmated"]
[WhiteElo "1715"]
[BlackElo "2349"]
[Opening "Vienna: `Frankenstein-Dracula' variation"]
[ECO "C27"]
[NIC "VG.02"]
[Time "19:28:16"]
[TimeControl "120+12"]

1. e4 e5 2. Nc3 Nf6 3. Bc4 Nxe4 4. Qh5 Nd6 5. Bb3 Nc6 6. Nb5 g6 7. Qf3 f5 8.
Qd5 Qe7 9. Nxc7+ Kd8 10. Nxa8 b6 11. d3 Bb7 12. Nxb6 axb6 13. Qf3 Nd4 14.
Qg3 f4 15. Qg4 Qf6 16. Ba4 b5 17. Bb3 h5 18. Qh3 g5 19. Bd2 g4 20. Ba5+ Ke7
21. c3 Nxb3 22. axb3 gxh3 23. Ne2 hxg2 24. Rg1 f3 25. Ng3 h4 26. Ne4 Nxe4
27. dxe4 Bxe4 28. c4 Kf7 29. cxb5 Bc5 30. Rc1 Qd6 31. Rc4 Qd3 32. Rxe4 Qxe4+
33. Kd2 Qe2+ 34. Kc3 Rc8 35. Bc7 Rxc7 36. b6 Bxb6+ 37. Kb4 Qd2+ 38. Ka4 Qa5#
{White checkmated}
0-1

[Event "GambitGuide"]
[Site "Internet Chess Club"]
[Date "2014.10.31"]
[Round "1"]
[White "JSBach"]
[Black "JeffH"]
[Result "1-0"]
[ICCResult "Black resigns"]
[WhiteElo "1715"]
[BlackElo "1183"]
[Opening "Vienna: `Frankenstein-Dracula' variation"]
[ECO "C27"]
[NIC "VG.02"]
[Time "19:27:20"]
[TimeControl "120+12"]

1. e4 e5 2. Nc3 Nf6 3. Bc4 Nxe4 4. Qh5 Nd6 5. Bb3 Nc6 6. Nb5 g6 7. Qf3 f5 8.
Qd5 Qe7 9. Nxc7+ Kd8 10. Nxa8 b6 11. d3 Bb7 12. Nxb6 axb6 13. Qf3 f4 14. Bd2
Nd4 15. Qg4 Bd5 16. Ba4 Bc6 17. Bb3 Bb5 18. c4 Ba6 19. Nf3 N6f5 20. Bc3
Nxf3+ 21. Qxf3 Qc5 22. Qa8+ Ke7 23. Qxa6 {Black resigns} 1-0

[Event "GambitGuide"]
[Site "Internet Chess Club"]
[Date "2014.10.31"]
[Round "1"]
[White "JSBach"]
[Black "sibirica"]
[Result "0-1"]
[ICCResult "White checkmated"]
[WhiteElo "1715"]
[BlackElo "2349"]
[Opening "Vienna: `Frankenstein-Dracula' variation"]
[ECO "C27"]
[NIC "VG.02"]
[Time "19:28:38"]
[TimeControl "120+12"]

1. e4 e5 2. Nc3 Nf6 3. Bc4 Nxe4 4. Qh5 Nd6 5. Bb3 Nc6 6. Nb5 g6 7. Qf3 f5 8.
Qd5 Qe7 9. Nxc7+ Kd8 10. Nxa8 b6 11. d3 Bb7 12. Nxb6 axb6 13. Qf3 Nd4 14.
Qg3 f4 15. Qg4 Qf6 16. Ba4 b5 17. Bb3 h5 18. Qh3 g5 19. Bd2 g4 20. Ba5+ Ke7
21. c3 Nxb3 22. axb3 gxh3 23. Ne2 hxg2 24. Rg1 f3 25. Ng3 h4 26. Ne4 Nxe4
27. dxe4 Bxe4 28. Bc7 Kf7 29. Ra5 Bc5 30. Rxb5 Qa6 31. Bxe5 Qxb5 32. c4 Qb4+
33. Bc3 Qxb3 34. h3 Qc2 35. Bd2 Bd3 36. b4 Bxb4 37. Bxb4 Qe2# {White
checkmated} 0-1

[Event "GambitGuide"]
[Site "Internet Chess Club"]
[Date "2014.10.31"]
[Round "1"]
[White "JSBach"]
[Black "sibirica"]
[Result "0-1"]
[ICCResult "White checkmated"]
[WhiteElo "1715"]
[BlackElo "2349"]
[Opening "Vienna: `Frankenstein-Dracula' variation"]
[ECO "C27"]
[NIC "VG.02"]
[Time "19:29:23"]
[TimeControl "120+12"]

1. e4 e5 2. Nc3 Nf6 3. Bc4 Nxe4 4. Qh5 Nd6 5. Bb3 Nc6 6. Nb5 g6 7. Qf3 f5 8.
Qd5 Qe7 9. Nxc7+ Kd8 10. Nxa8 b6 11. d3 Bb7 12. Nxb6 axb6 13. Qf3 Nd4 14.
Qg3 f4 15. Qg4 Qf6 16. Ba4 b5 17. Bb3 h5 18. Qh3 g5 19. Bd2 g4 20. Ba5+ Ke7
21. c3 Nxb3 22. axb3 gxh3 23. Ne2 hxg2 24. Rg1 f3 25. Ng3 h4 26. Ne4 Nxe4
27. dxe4 Bxe4 28. c4 Kf7 29. cxb5 Bc5 30. Rc1 Qd6 31. Rc4 Qd3 32. Rxe4 Qxe4+
33. Kd2 Qe2+ 34. Kc3 Rc8 35. Bc7 Rxc7 36. b6 Bxb6+ 37. Kb4 Qd2+ 38. Ka3 Qa5#
{White checkmated}
0-1

[Event "GambitGuide"]
[Site "Internet Chess Club"]
[Date "2014.10.31"]
[Round "1"]
[White "JSBach"]
[Black "LentheMan78"]
[Result "1-0"]
[ICCResult "Black resigns"]
[WhiteElo "1715"]
[BlackElo "1964"]
[Opening "Vienna: `Frankenstein-Dracula' variation"]
[ECO "C27"]
[NIC "VG.02"]
[Time "19:26:42"]
[TimeControl "120+12"]

1. e4 e5 2. Nc3 Nf6 3. Bc4 Nxe4 4. Qh5 Nd6 5. Bb3 Nc6 6. Nb5 g6 7. Qf3 f5 8.
Qd5 Qe7 9. Nxc7+ Kd8 10. Nxa8 b6 11. d3 Bb7 12. Nxb6 axb6 13. Qf3 Nd4 14.
Qg3 f4 15. Qg4 N6f5 16. Ne2 Nxe2 17. Kxe2 Nd4+ 18. Ke1 Qf6 19. Ba4 Qf5 20.
Qxf5 gxf5 21. Rg1 Rg8 22. Kf1 b5 23. Bb3 Nxb3 24. axb3 Bc5 25. Ra5 Bc6 26.
h4 Rg4 27. h5 Rh4 28. g3 fxg3 29. Bg5+ Be7 30. Bxh4 Bxh4 31. fxg3
{Black resigns}
1-0

[Event "GambitGuide"]
[Site "Internet Chess Club"]
[Date "2014.10.31"]
[Round "1"]
[White "JSBach"]
[Black "franco"]
[Result "1-0"]
[ICCResult "Black checkmated"]
[WhiteElo "1715"]
[BlackElo "1417"]
[Opening "Vienna: `Frankenstein-Dracula' variation"]
[ECO "C27"]
[NIC "VG.02"]
[Time "19:27:24"]
[TimeControl "120+12"]

1. e4 e5 2. Nc3 Nf6 3. Bc4 Nxe4 4. Qh5 Nd6 5. Bb3 Nc6 6. Nb5 g6 7. Qf3 f5 8.
Qd5 Qe7 9. Nxc7+ Kd8 10. Nxa8 b6 11. d3 Bb7 12. Nxb6 axb6 13. Qf3 Kc7 14.
Bd2 Bg7 15. Bc3 Rf8 16. Bd5 e4 17. dxe4 fxe4 18. Qe3 Bxc3+ 19. bxc3 Re8 20.
Rb1 Nf5 21. Qxb6+ Kd6 22. Rd1 Ke5 23. Qxb7 Kf4 24. Bxc6 dxc6 25. Rd7 Qc5 26.
Ne2+ Kg5 27. Rxh7 e3 28. f4+ Kf6 29. Qf7# {Black checkmated} 1-0

[Event "GambitGuide"]
[Site "Internet Chess Club"]
[Date "2014.10.31"]
[Round "1"]
[White "JSBach"]
[Black "JeffH"]
[Result "1-0"]
[ICCResult "Black resigns"]
[WhiteElo "1715"]
[BlackElo "1183"]
[Opening "Vienna: `Frankenstein-Dracula' variation"]
[ECO "C27"]
[NIC "VG.02"]
[Time "19:28:43"]
[TimeControl "120+12"]

1. e4 e5 2. Nc3 Nf6 3. Bc4 Nxe4 4. Qh5 Nd6 5. Bb3 Nc6 6. Nb5 g6 7. Qf3 f5 8.
Qd5 Qe7 9. Nxc7+ Kd8 10. Nxa8 b6 11. d3 Bb7 12. Nxb6 axb6 13. Qf3 f4 14. Qg4
Nb5 15. Bd5 Qc5 16. c4 Nbd4 17. Kf1 b5 18. Bd2 bxc4 19. dxc4 Ba6 20. Ne2
Bxc4 21. Bxc4 Qxc4 22. Rc1 Qxa2 23. Nxd4 Nxd4 24. Qg5+ Be7 25. Qxe5 Qxb2 26.
Qxh8+ {Black resigns} 1-0

[Event "GambitGuide"]
[Site "Internet Chess Club"]
[Date "2014.10.31"]
[Round "1"]
[White "JSBach"]
[Black "pminucci"]
[Result "1-0"]
[ICCResult "Black resigns"]
[WhiteElo "1715"]
[BlackElo "1400"]
[Opening "Vienna: `Frankenstein-Dracula' variation"]
[ECO "C27"]
[NIC "VG.02"]
[Time "19:26:56"]
[TimeControl "120+12"]

1. e4 e5 2. Nc3 Nf6 3. Bc4 Nxe4 4. Qh5 Nd6 5. Bb3 Nc6 6. Nb5 g6 7. Qf3 f5 8.
Qd5 Qe7 9. Nxc7+ Kd8 10. Nxa8 b6 11. d3 Nb4 12. Bg5 Qxg5 13. Qxe5 Qxg2 14.
Qxh8 Qxh1 15. Qxf8+ Ne8 16. Kf1 Bb7 17. Nxb6 Qg2+ 18. Ke2 Qg4+ 19. f3 Qg2+
20. Ke3 Qg5+ 21. f4 Qg2 22. Qxb4 Qxh2 23. Na4 Bc8 24. Nf3 Qh3 25. Qa5+ Nc7
26. Qxa7 h6 27. Rg1 g5 28. fxg5 f4+ 29. Kxf4 Nd5+ 30. Bxd5 Qf5+ 31. Kxf5
{Black resigns}
1-0

[Event "GambitGuide"]
[Site "Internet Chess Club"]
[Date "2014.10.31"]
[Round "1"]
[White "JSBach"]
[Black "sibirica"]
[Result "0-1"]
[ICCResult "White checkmated"]
[WhiteElo "1716"]
[BlackElo "2349"]
[Opening "Vienna: `Frankenstein-Dracula' variation"]
[ECO "C27"]
[NIC "VG.02"]
[Time "19:29:45"]
[TimeControl "120+12"]

1. e4 e5 2. Nc3 Nf6 3. Bc4 Nxe4 4. Qh5 Nd6 5. Bb3 Nc6 6. Nb5 g6 7. Qf3 f5 8.
Qd5 Qe7 9. Nxc7+ Kd8 10. Nxa8 b6 11. d3 Bb7 12. Nxb6 axb6 13. Qf3 Nd4 14.
Qh3 Bg7 15. Be3 g5 16. Rc1 h5 17. Kd1 g4 18. Qg3 h4 19. Bg5 Qxg5 20. Qe3 f4
21. Qd2 Bxg2 22. Qb4 Ke7 23. Bd5 Bxd5 24. f3 gxf3 25. Nh3 Qg2 26. Re1 Qxh3
27. Qxd4 Ke6 28. Qxf4 Rf8 29. Qe3 Qg2 30. c4 Bc6 31. d4 f2 32. d5+ Bxd5 33.
cxd5+ Qxd5+ 34. Kc2 Rc8+ 35. Kb1 fxe1=Q 36. Rxe1 Qe4+ 37. Qxe4 Nxe4 38. Rxe4
Bh6 39. b4 Bd2 40. Rxh4 d5 41. a3 e4 42. Rg4 e3 43. Rg6+ Kf5 44. Rg2 Kf4 45.
Ka2 Kf3 46. Rg3+ Kf2 47. Rg6 e2 48. Rf6+ Kg1 49. Re6 e1=Q 50. Rxe1+ Bxe1 51.
h4 Bxh4 52. a4 Be7 53. Kb3 Bxb4 54. Kxb4 Rc5 55. Ka3 Rc4 56. Kb3 Kf2 57. Kb2
Rxa4 58. Kc2 Rc4+ 59. Kd2 b5 60. Kd3 b4 61. Kd2 b3 62. Kd3 b2 63. Kd2 Kf1
64. Ke3 b1=Q 65. Kd2 Qe4 66. Kd1 Qd3# {White checkmated} 0-1

[Event "GambitGuide"]
[Site "Internet Chess Club"]
[Date "2014.10.31"]
[Round "1"]
[White "JSBach"]
[Black "JeffH"]
[Result "1-0"]
[ICCResult "Black resigns"]
[WhiteElo "1716"]
[BlackElo "1183"]
[Opening "Vienna: `Frankenstein-Dracula' variation"]
[ECO "C27"]
[NIC "VG.02"]
[Time "19:32:00"]
[TimeControl "120+12"]

1. e4 e5 2. Nc3 Nf6 3. Bc4 Nxe4 4. Qh5 Nd6 5. Bb3 Nc6 6. Nb5 g6 7. Qf3 f5 8.
Qd5 Qe7 9. Nxc7+ Kd8 10. Nxa8 b6 11. d3 Bb7 12. Nxb6 axb6 13. Qf3 Nd4 14.
Qh3 f4 15. Ba4 b5 16. Bb3 Qg5 17. Kf1 e4 18. dxe4 Nxe4 19. a4 Nxb3 20. cxb3
Qc5 21. Ke1 Qxf2+ 22. Kd1 Qf1+ 23. Kc2 Qe2+ 24. Nxe2 {Black resigns} 1-0

[Event "GambitGuide"]
[Site "Internet Chess Club"]
[Date "2014.10.31"]
[Round "1"]
[White "JSBach"]
[Black "pminucci"]
[Result "1-0"]
[ICCResult "Black resigns"]
[WhiteElo "1716"]
[BlackElo "1400"]
[Opening "Vienna: `Frankenstein-Dracula' variation"]
[ECO "C27"]
[NIC "VG.02"]
[Time "19:30:36"]
[TimeControl "120+12"]

1. e4 e5 2. Nc3 Nf6 3. Bc4 Nxe4 4. Qh5 Nd6 5. Bb3 Nc6 6. Nb5 g6 7. Qf3 f5 8.
Qd5 Qe7 9. Nxc7+ Kd8 10. Nxa8 b6 11. d3 Nd4 12. f4 exf4+ 13. Kd1 Qe8 14.
Qxd4 Nf7 15. Bxf7 Qxf7 16. Qxh8 Bb7 17. Qe5 d6 18. Qxf4 Bxg2 19. Qg5+ Be7
20. Qxg2 f4 21. Qb7 Qe6 22. Qxa7 f3 23. Nxb6 Ke8 24. Qa8+ Kf7 25. Qxf3+ Ke8
26. Nd5 {Black resigns} 1-0

[Event "GambitGuide"]
[Site "Internet Chess Club"]
[Date "2014.10.31"]
[Round "1"]
[White "JSBach"]
[Black "QuieroAprender"]
[Result "1/2-1/2"]
[ICCResult "Game drawn because neither player has mating material"]
[WhiteElo "1701"]
[BlackElo "1379"]
[Opening "Vienna: `Frankenstein-Dracula' variation"]
[ECO "C27"]
[NIC "VG.02"]
[Time "19:24:45"]
[TimeControl "120+12"]

1. e4 e5 2. Nc3 Nf6 3. Bc4 Nxe4 4. Qh5 Nd6 5. Bb3 Nc6 6. Nb5 g6 7. Qf3 f5 8.
Qd5 Qe7 9. Nxc7+ Kd8 10. Nxa8 b6 11. d3 Bb7 12. Nxb6 axb6 13. Qf3 Nd4 14.
Qh3 f4 15. Ba4 h6 16. Qg4 N6f5 17. Qxg6 Qb4+ 18. c3 Qxa4 19. Qf6+ Kc7 20.
Qxh8 Nc2+ 21. Kf1 Nxa1 22. b3 Qc6 23. Qxe5+ Bd6 24. Qe4 Qxc3 25. Qc4+ Qxc4
26. dxc4 Nc2 27. Bb2 Nb4 28. a4 Nd3 29. Bc3 Nc5 30. b4 Nxa4 31. Bd2 Nb2 32.
c5 bxc5 33. bxc5 Be5 34. Ne2 f3 35. Nf4 Ba6+ 36. Kg1 Nc4 37. Nd5+ Kb7 38.
Bf4 Bxf4 39. Nxf4 fxg2 40. Kxg2 Kc6 41. Ra1 Bb7 42. Ra7 Kc7+ 43. Kh3 Ne5 44.
Ng2 Nd3 45. Kg4 Nd4 46. Kh5 Kb8 47. Ra4 Ne6 48. Rg4 Bxg2 49. Kxh6 Bc6 50. h4
Ndxc5 51. f4 Be4 52. h5 Nd3 53. f5 Bxf5 54. Rb4+ Kc8 55. Rb8+ Kc7 56. Rb7+
Kd6 57. Rxd7+ Ke5 58. Rxd3 Kf6 59. Rd5 Be4 60. Rd6 Ke7 61. Rxe6+ Kxe6 62.
Kg7 Bf5 63. Kh8 Kf6 64. Kg8 Be6+ 65. Kh8 Kf7 66. Kh7 Bf5+ 67. Kh8 Kf6 68.
Kg8 Kg5 69. Kh8 Kh6 70. Kg8 Kxh5
{Game drawn because neither player has mating material}
1/2-1/2

[Event "GambitGuide"]
[Site "Internet Chess Club"]
[Date "2014.10.31"]
[Round "1"]
[White "JSBach"]
[Black "LentheMan78"]
[Result "0-1"]
[ICCResult "White checkmated"]
[WhiteElo "1701"]
[BlackElo "1964"]
[Opening "Vienna: `Frankenstein-Dracula' variation"]
[ECO "C27"]
[NIC "VG.02"]
[Time "19:30:06"]
[TimeControl "120+12"]

1. e4 e5 2. Nc3 Nf6 3. Bc4 Nxe4 4. Qh5 Nd6 5. Bb3 Nc6 6. Nb5 g6 7. Qf3 f5 8.
Qd5 Qe7 9. Nxc7+ Kd8 10. Nxa8 b6 11. d3 Bb7 12. Nxb6 axb6 13. Qf3 Nd4 14.
Qh3 e4 15. Be3 Bg7 16. dxe4 Nxe4 17. c3 Nxb3 18. axb3 Nxc3 19. Ra7 Kc8 20.
bxc3 Bxc3+ 21. Kf1 f4 22. Ne2 fxe3 23. Nxc3 exf2 24. Ra1 Re8 25. Kxf2 Qf6+
26. Kg1 Qd4+ 27. Kf1 Re3 28. Qxh7 Qxc3 29. Qg8+ Kc7 30. Qc4+ Qxc4+ 31. bxc4
Rc3 32. Ke1 Bxg2 33. Rg1 Rc2 34. h4 Kc6 35. Ra4 Kc5 36. Ra7 Be4 37. Rc7+ Kd6
38. Rc8 b5 39. Rg4 Bf5 40. Kd1 bxc4 41. Rgxc4 Rh2 42. Kc1 Ke5 43. Re8+ Kf6
44. Rd8 Ke7 45. Rdc8 d5 46. R4c7+ Kd6 47. Rc6+ Ke5 48. Re8+ Kd4 49. Rh8 Kd3
50. Rc5 Be4 51. Rc6 Rh1+ 52. Kb2 Ke3 53. Rc3+ Kd4 54. Rc6 Rb1+ 55. Ka2 Rb7
56. Rf8 Kd3 57. Rf4 Ke3 58. Rcf6 Bf5 59. Ra4 d4 60. Ra5 d3 61. Ra3 Ke2 62.
Ra8 Re7 63. Rd8 d2 64. Rfd6 Bd7 65. R8xd7 Rxd7 66. Rxd7 d1=Q 67. Rxd1 Kxd1
68. Kb3 Ke2 69. Kc4 Kf3 70. Kd3 Kg4 71. h5 Kxh5 72. Kc4 Kh4 73. Kd3 Kh3 74.
Ke4 g5 75. Kf3 g4+ 76. Kf2 Kh2 77. Ke3 g3 78. Kd4 g2 79. Ke4 g1=Q 80. Ke5
Qg4 81. Kd5 Kg3 82. Kc5 Kf3 83. Kd6 Qf5 84. Kc6 Ke4 85. Kb6 Kd4 86. Kc7 Qg6
87. Kd7 Ke5 88. Kc7 Kd5 89. Kc8 Qg7 90. Kd8 Kd6 91. Ke8 Qe7# {White
checkmated} 0-1

[Event "GambitGuide"]
[Site "Internet Chess Club"]
[Date "2014.10.31"]
[Round "1"]
[White "JSBach"]
[Black "QuieroAprender"]
[Result "1-0"]
[ICCResult "Black resigns"]
[WhiteElo "1701"]
[BlackElo "1379"]
[Opening "Vienna: `Frankenstein-Dracula' variation"]
[ECO "C27"]
[NIC "VG.02"]
[Time "19:35:15"]
[TimeControl "120+12"]

1. e4 e5 2. Nc3 Nf6 3. Bc4 Nxe4 4. Qh5 Nd6 5. Bb3 Nc6 6. Nb5 g6 7. Qf3 f5 8.
Qd5 Qe7 9. Nxc7+ Kd8 10. Nxa8 b6 11. d3 Bb7 12. Nxb6 axb6 13. Qf3 Nd4 14.
Qh3 f4 15. Ba4 N6f5 16. c3 b5 17. Bd1 Ne6 18. Nf3 g5 19. Qxf5 g4 20. Qxg4
Bh6 21. Nxe5 Ng5 22. Bxf4 d6 23. h4 dxe5 24. Bxg5 Bxg5 25. hxg5 e4 26. Be2
exd3 27. O-O-O Kc7 28. Bxd3 {Black resigns} 1-0

[Event "GambitGuide"]
[Site "Internet Chess Club"]
[Date "2014.10.31"]
[Round "1"]
[White "JSBach"]
[Black "pminucci"]
[Result "1-0"]
[ICCResult "Black resigns"]
[WhiteElo "1701"]
[BlackElo "1400"]
[Opening "Vienna: `Frankenstein-Dracula' variation"]
[ECO "C27"]
[NIC "VG.02"]
[Time "19:34:17"]
[TimeControl "120+12"]

1. e4 e5 2. Nc3 Nf6 3. Bc4 Nxe4 4. Qh5 Nd6 5. Bb3 Nc6 6. Nb5 g6 7. Qf3 f5 8.
Qd5 Qe7 9. Nxc7+ Kd8 10. Nxa8 b6 11. d3 Bb7 12. Nxb6 Nb4 13. Qa5 axb6 14.
Qxb4 b5 15. f3 h5 16. a4 Bc6 17. Bd2 Nb7 18. Qxe7+ Bxe7 19. axb5 Bxb5 20.
Ra8+ Kc7 21. Rxh8 {Black resigns} 1-0

[Event "GambitGuide"]
[Site "Internet Chess Club"]
[Date "2014.10.31"]
[Round "1"]
[White "JSBach"]
[Black "Spirals"]
[Result "0-1"]
[ICCResult "White checkmated"]
[WhiteElo "1701"]
[BlackElo "2176"]
[Opening "Vienna: `Frankenstein-Dracula' variation"]
[ECO "C27"]
[NIC "VG.02"]
[Time "19:35:57"]
[TimeControl "120+12"]

1. e4 e5 2. Nc3 Nf6 3. Bc4 Nxe4 4. Qh5 Nd6 5. Bb3 Nc6 6. Nb5 g6 7. Qf3 f5 8.
Qd5 Qe7 9. Nxc7+ Kd8 10. Nxa8 b6 11. d3 Bb7 12. Nxb6 axb6 13. Qf3 Nd4 14.
Qh3 Bd5 15. c4 Bc6 16. Be3 Bg7 17. Ne2 h5 18. Rc1 Bf6 19. c5 bxc5 20. Bxd4
cxd4 21. Qg3 g5 22. O-O f4 23. Qh3 g4 24. Rxc6 dxc6 25. Nxd4 exd4 26. Qxh5
Rxh5 27. Rc1 Re5 28. Kf1 c5 29. Rd1 f3 30. gxf3 gxf3 31. Bg8 Bg5 32. Rb1 Bd2
33. Be6 Qxe6 34. b3 Re1+ 35. Rxe1 Qxe1# {White checkmated} 0-1

[Event "GambitGuide"]
[Site "Internet Chess Club"]
[Date "2014.10.31"]
[Round "1"]
[White "JSBach"]
[Black "Spirals"]
[Result "1-0"]
[ICCResult "Black resigns"]
[WhiteElo "1701"]
[BlackElo "2176"]
[Opening "Vienna: `Frankenstein-Dracula' variation"]
[ECO "C27"]
[NIC "VG.02"]
[Time "19:37:10"]
[TimeControl "120+12"]

1. e4 e5 2. Nc3 Nf6 3. Bc4 Nxe4 4. Qh5 Nd6 5. Bb3 Nc6 6. Nb5 g6 7. Qf3 f5 8.
Qd5 Qe7 9. Nxc7+ Kd8 10. Nxa8 b6 11. d3 Bb7 12. Nxb6 axb6 13. Qf3 Nd4 14.
Qg3 f4 15. Qg4 Bd5 16. Ba4 b5 17. c3 bxa4 18. cxd4 exd4+ 19. Ne2 f3 20. Bg5
{Black resigns}
1-0

[Event "GambitGuide"]
[Site "Internet Chess Club"]
[Date "2014.10.31"]
[Round "1"]
[White "JSBach"]
[Black "JeffH"]
[Result "1-0"]
[ICCResult "Black resigns"]
[WhiteElo "1701"]
[BlackElo "1183"]
[Opening "Vienna: `Frankenstein-Dracula' variation"]
[ECO "C27"]
[NIC "VG.02"]
[Time "19:35:15"]
[TimeControl "120+12"]

1. e4 e5 2. Nc3 Nf6 3. Bc4 Nxe4 4. Qh5 Nd6 5. Bb3 Nc6 6. Nb5 g6 7. Qf3 f5 8.
Qd5 Qe7 9. Nxc7+ Kd8 10. Nxa8 b6 11. d3 Bb7 12. Nxb6 axb6 13. Qf3 Nd4 14.
Qh3 f4 15. Ba4 Nf7 16. c3 Ng5 17. Qg4 h5 18. Qd1 Bxg2 19. cxd4 exd4+ 20. Qe2
Qxe2+ 21. Kxe2 Bxh1 22. Bxf4 Ne6 23. Be5 Rg8 24. Nf3 Bxf3+ 25. Kxf3 Bh6 26.
Kg3 Re8 27. f4 g5 28. Bf6+ Kc8 29. Rc1+ Kb7 30. fxg5 Nxg5 31. Bxd7 Re3+ 32.
Kh4 Nf7 33. Bxd4 Rxd3 34. Rc4 b5 35. Bxb5 Nd6 36. Bc6+ Kb8 37. Be5
{Black resigns}
1-0

[Event "GambitGuide"]
[Site "Internet Chess Club"]
[Date "2014.10.31"]
[Round "1"]
[White "JSBach"]
[Black "nando3"]
[Result "1-0"]
[ICCResult "Black resigns"]
[WhiteElo "1687"]
[BlackElo "1929"]
[Opening "Vienna: `Frankenstein-Dracula' variation"]
[ECO "C27"]
[NIC "VG.02"]
[Time "19:30:05"]
[TimeControl "120+12"]

1. e4 e5 2. Nc3 Nf6 3. Bc4 Nxe4 4. Qh5 Nd6 5. Bb3 Nc6 6. Nb5 g6 7. Qf3 f5 8.
Qd5 Qe7 9. Nxc7+ Kd8 10. Nxa8 b6 11. d3 Bb7 12. Nxb6 axb6 13. Qf3 e4 14. Qe3
Bg7 15. Qxb6+ Ke8 16. dxe4 Qxe4+ 17. Kf1 Ke7 18. f3 Qe5 19. f4 Qe4 20. Nf3
Rb8 21. Ng5 Qb4 22. Qxb4 Nxb4 23. Nxh7 Ba6+ 24. Ke1 Ne4 25. a3 Nc6 26. a4
Nd4 27. Ra3 Nc5 28. Kd1 Ne4 29. Re1 Kd6 30. Bf7 Rc8 31. c3 Nc6 32. Bxg6 Ne7
33. Bf7 Rh8 34. Ng5 Rxh2 35. c4 Rxg2 36. Rd3+ Kc7 37. Nxe4 fxe4 38. Rxe4 Nc6
39. b3 Nb4 40. Rd2 Rg1+ 41. Re1 Rg3 42. Be8 Bc8 43. Re7 Bc3 44. Rdxd7+ Bxd7
45. Rxd7+ Kc8 46. Ke2 Rg8 47. Re7 Kd8 48. Re3 Bd4 49. Bb5 Bxe3 50. Bxe3 Rg2+
51. Bf2 Rg7 52. Bc5 Nc2 53. a5 Rg2+ 54. Kd3 Ne1+ 55. Ke3 Ra2 56. a6 Ng2+ 57.
Kf3 Ne1+ 58. Kg3 Nd3 59. Bb6+ Kc8 60. a7 Kb7 61. c5 Nb4 62. f5 Nd5 63. Ba4
Nxb6 64. cxb6 Ra1 65. f6 Rf1 66. Bc6+ Kxc6 67. a8=Q+ Kxb6 68. Qd8+ Kb7 69.
f7 {Black resigns} 1-0